Map: Abyssal Reef LE

Players

iPlayDefense - Winner!

  • Race: Terran Terran
  • League: Bronze
  • Spawn Location: 11:00

slade

  • Race: Protoss Protoss
  • League: Silver
  • Spawn Location: 5:00

VOD

Have the link to the VOD?

Description

Time

  • Played on: April 13, 2025, 10:19 a.m.
  • Length: 11:35
Show
View Real Time Build Order
Export as new Build Order

iPlayDefense Terran - Winner!

Build Orders:  

Get SALT Encoding   

  12  0:00  SCV  
  13  0:18  Supply Depot  
  13  0:34  Refinery  
  13  0:41  Barracks  
  13  0:47  SCV  
  14  1:00  SCV  
  15  1:36  Barracks Reactor  
  15  1:41  Orbital Command  
  15  1:49  Supply Depot  
  15  1:56  Command Center  
  15  2:09  SCV  
  16  2:21  SCV  
  17  2:23  Marine x2  
  19  2:33  SCV  
  20  2:44  Factory  
  20  2:45  SCV  
  20  3:10  Bunker  
  20  3:14  Barracks  
  20  3:16  Barracks  
  20  3:25  SCV x2  
  22  3:28  Marine x2  
  22  3:32  Factory Tech Lab  
  24  3:37  SCV x2  
  26  3:49  SCV  
  26  3:55  Supply Depot  
  27  3:58  Orbital Command  
  27  4:07  Siege Tank  
  30  4:11  Barracks Tech Lab  
  30  4:12  Barracks Tech Lab  
  30  4:17  Refinery  
  30  4:18  Supply Depot  
  30  4:21  SCV  
  31  4:33  SCV  
  31  4:36  Combat Shield  
  31  4:37  Stimpack  
  32  4:40  Supply Depot  
  32  4:50  SCV x2  
  32  4:51  Marine x4  
  38  5:02  SCV  
  39  5:08  Marine  
  39  5:09  Marauder  
  39  5:10  Starport  
  42  5:22  Supply Depot  
  42  5:28  Marine x3  
  44  5:30  Marine  
  44  5:32  Cyclone  
  49  5:46  Marine, Engineering Bay, Marauder  
  49  5:48  SCV x2, Marine  
  49  5:49  Marauder  
  57  5:55  Starport Reactor  
  57  6:00  SCV x2  
  57  6:03  Marine  
  54  6:08  Marauder  
  56  6:22  SCV x2  
  56  6:25  Marine x3  
  59  6:27  Siege Tank  
  59  6:29  Marine  
  65  6:34  SCV x2  
  65  6:35  Missile Turret  
  65  6:36  Medivac  
  69  6:43  Marine  
  69  6:44  Marauder  
  74  6:47  Marauder  
  74  6:48  Refinery  
  74  6:50  Refinery  
  74  6:56  SCV x2, Marine  
  74  7:01  Marine  
  78  7:10  Supply Depot  
  78  7:17  Supply Depot  
  78  7:31  Siege Tank, Marine x2, Liberator  
  78  7:33  Supply Depot  
  86  7:38  SCV x2, Marine x2  
  86  7:41  Supply Depot  
  90  7:49  Marine, Marauder  
  90  7:50  SCV  
  94  7:55  Supply Depot, SCV  
  94  7:56  Marine, Marauder  
  98  8:00  Armory  
  98  8:07  SCV, Marine  
  98  8:10  Marine  
  101  8:18  Marauder  
  103  8:22  SCV x2, Marine  
  103  8:24  Siege Tank, Marine  
  110  8:29  Marauder  
  110  8:33  Medivac  
  110  8:34  SCV x2  
  116  8:39  Marine  
  116  8:40  Marine  
  118  9:10  Supply Depot  
  118  9:11  Marine x2  
  118  9:12  SCV  
  118  9:14  Supply Depot  
  118  9:20  Terran Infantry Weapons Level 1  
  118  9:28  Command Center  
  118  9:31  SCV, Marine, Marauder x2, Medivac  
  118  9:35  SCV, Marine, Siege Tank  
  131  9:43  SCV  
  132  9:48  Supply Depot, SCV  
  132  9:49  Marine  
  134  9:54  Supply Depot  
  134  10:09  SCV, Marine, Thor  
  134  10:10  Supply Depot  
  142  10:16  SCV, Marine x2, Marauder  
  144  10:27  Marine  
  141  10:34  Marauder  
  143  10:38  Marauder  
  145  10:51  SCV x2, Marine x2  
  145  10:56  Marauder  
  157  10:59  Supply Depot, Marauder  
  157  11:03  Supply Depot, SCV  
  160  11:09  Marine x2  
Show
View Real Time Build Order
Export as new Build Order

slade Protoss 

Build Orders:  

Get SALT Encoding   

  1  0:00  Probe  
  12  0:06  Probe  
  14  0:20  Pylon  
  14  0:22  Probe  
  15  0:38  Probe  
  15  0:42  Gateway  
  16  0:54  Gateway  
  16  1:01  Assimilator  
  16  1:06  Assimilator  
  16  1:17  Gateway  
  16  1:21  Zealot  
  16  1:26  Pylon  
  18  1:40  Pylon  
  18  1:41  Zealot  
  20  1:57  Forge  
  20  1:58  Zealot  
  22  2:09  Cybernetics Core  
  22  2:14  Zealot  
  24  2:18  Probe  
  25  2:26  Probe  
  25  2:36  Probe  
  27  2:57  Probe  
  28  3:09  Probe  
  29  3:17  Twilight Council  
  29  3:21  Probe  
  30  3:30  Zealot  
  30  3:31  Pylon  
  30  3:32  Zealot  
  36  3:34  Zealot  
  36  3:43  Charge, Nexus  
  36  3:57  Stalker  
  38  4:03  Stalker  
  40  4:27  Stargate  
  40  4:43  Assimilator  
  40  4:46  Assimilator  
  40  5:03  Probe  
  41  5:11  Probe  
  41  5:17  Fleet Beacon  
  41  5:20  Probe  
  43  5:32  Probe  
  26  6:16  Stargate  
  26  6:19  Stargate  
  26  6:21  Probe  
  27  6:27  Stalker x3  
  27  6:29  Probe  
  33  6:39  Probe  
  35  6:50  Probe  
  36  6:58  Probe  
  36  7:04  Zealot x3  
  36  7:06  Probe  
  36  7:07  Carrier  
  50  7:16  Probe  
  50  7:17  Carrier  
  57  7:24  Probe  
  58  7:32  Probe  
  59  7:44  Probe  
  60  7:54  Pylon  
  60  7:58  Pylon  
  60  8:05  Pylon  
  60  8:09  Pylon  
  60  8:12  Carrier  
  66  8:21  Zealot  
  66  8:22  Zealot  
  66  8:23  Zealot  
  72  8:36  Protoss Air Weapons Level 1  
  72  8:40  Probe  
  73  8:48  Probe  
  73  8:53  Pylon  
  74  8:58  Zealot  
  65  9:18  Probe  
  66  9:26  Probe  
  66  9:30  Carrier  
  73  9:35  Probe  
  74  9:51  Carrier  
  44  10:37  Zealot x2  
  44  10:38  Zealot  
  56  11:04  Zealot x2  
  56  11:05  Zealot  
  62  11:17  Nexus  
Tags
 
Matchup
PvT
Replay Pack
DaveSC2
Spawn Locations
Cross Positions
Add a new tag
Caveats
  • Supply blocks, unpowered buildings, or Contaminate may cause inaccurate times.
  • Supply counts are checked every 10 seconds.